| TOP OF THE 1ST |
|
Boston (APP) Red Sox batting - Pitching for Baltimore (APP) Orioles : RHP Rick Bob Van Arsdale-Undercarriage
|
|
Pitching: RHP Rick Bob Van Arsdale-Undercarriage
|
|
|
Batting: RHB Kirk Cully
|
0-0: Ball 1-0: Ball 2-0: Fly out, F8 (Line Drive, 8RM, EV 91.2 MPH)
|
|
Batting: RHB Bob Reichley
|
0-0: Foul Ball, location: 2F 0-1: Ball 1-1: Swinging Strike 1-2: Strikes out swinging
|
|
Batting: LHB Kenny Jackson
|
0-0: Foul Ball, location: 2F 0-1: Foul Ball, location: 2F 0-2: Foul Ball, location: 2F 0-2: Strikes out swinging
|
| Top of the 1st over - 0 runs, 0 hits, 0 errors, 0 left on base; Boston (APP) 0 - Baltimore (APP) 0 |
| BOTTOM OF THE 1ST |
|
Baltimore (APP) Orioles batting - Pitching for Boston (APP) Red Sox : RHP Matt Collins
|
|
Pitching: RHP Matt Collins
|
|
|
Batting: RHB Johnny Lowe
|
0-0: Ball 1-0: Ball 2-0: Fly out, F5 (Popup, 56, EV 80.0 MPH)
|
|
Batting: LHB Edwin Cabral
|
0-0: Ball 1-0: DOUBLE (Flyball, 89D, EV 97.5 MPH)
|
|
Batting: SHB Shannon Britten
|
0-0: Called Strike 0-1: Foul Ball, location: 2F 0-2: SINGLE (Groundball, 4MS, EV 75.6 MPH) (infield hit) Edwin Cabral to third
|
|
Batting: LHB Bryan Davidson
|
0-0: Called Strike 0-1: Swinging Strike 0-2: Foul Ball, location: 2F 0-2: Foul Ball, location: 2F 0-2: Ball 1-2: Ball 2-2: Ball 3-2: Foul Ball, location: 2F 3-2: Strikes out looking
|
|
Batting: RHB Javier Brizuela
|
0-0: Swinging Strike 0-1: Fly out, F8 (Flyball, 89XD, EV 105.6 MPH)
|
| Bottom of the 1st over - 0 runs, 2 hits, 0 errors, 2 left on base; Boston (APP) 0 - Baltimore (APP) 0 |
| TOP OF THE 2ND |
|
Boston (APP) Red Sox batting - Pitching for Baltimore (APP) Orioles : RHP Rick Bob Van Arsdale-Undercarriage
|
|
Batting: RHB Felix Rangel
|
0-0: Called Strike 0-1: Ball 1-1: DOUBLE (Groundball, 5L, EV 107.5 MPH)
|
|
Batting: RHB Eric Kent
|
0-0: Ball 1-0: Ball 2-0: Foul Ball, location: 2F 2-1: Ball 3-1: Hit by Pitch
|
|
Batting: RHB Ryan Davis
|
0-0: Called Strike 0-1: Foul Ball, location: 2F 0-2: Ball 1-2: Strikes out looking
|
|
Batting: RHB Wayne Whimster
|
0-0: Ball 1-0: Called Strike 1-1: Ball 2-1: Called Strike 2-2: Ball 3-2: Base on Balls Felix Rangel to third Eric Kent to second
|
|
Batting: RHB Estevan Carrillo
|
0-0: Ball 1-0: SINGLE (Line Drive, 3D, EV 96.2 MPH) Felix Rangel scores Eric Kent to third Wayne Whimster to second
|
|
Batting: RHB Luis Nino
|
0-0: Fly out, F8 (Flyball, 8LD, EV 106.9 MPH) Runner from 3rd tags up, SCORES, throw by CF Wayne Whimster to third
|
|
Batting: RHB Kirk Cully
|
0-0: Ball 1-0: Ball 2-0: Called Strike 2-1: Called Strike 2-2: Fly out, F8 (Flyball, 8LM, EV 86.9 MPH)
|
| Top of the 2nd over - 2 runs, 2 hits, 0 errors, 2 left on base; Boston (APP) 2 - Baltimore (APP) 0 |
| BOTTOM OF THE 2ND |
|
Baltimore (APP) Orioles batting - Pitching for Boston (APP) Red Sox : RHP Matt Collins
|
|
Batting: RHB Pedro Luera
|
0-0: Ground out U3 (Groundball, 34S, EV 91.9 MPH)
|
|
Batting: RHB Tyler Cohen
|
0-0: Foul Ball, location: 2F 0-1: Swinging Strike 0-2: Ball 1-2: Ball 2-2: Foul Ball, location: 2F 2-2: Ball 3-2: Ground out 6-3 (Groundball, 56D, EV 100.0 MPH)
|
|
Batting: RHB David Gomez
|
0-0: Ball 1-0: Ball 2-0: Called Strike 2-1: Swinging Strike 2-2: Foul Ball, location: 2F 2-2: Foul Ball, location: 2F 2-2: Ball 3-2: Strikes out swinging
|
| Bottom of the 2nd over - 0 runs, 0 hits, 0 errors, 0 left on base; Boston (APP) 2 - Baltimore (APP) 0 |
| TOP OF THE 3RD |
|
Boston (APP) Red Sox batting - Pitching for Baltimore (APP) Orioles : RHP Rick Bob Van Arsdale-Undercarriage
|
|
Batting: RHB Bob Reichley
|
0-0: Foul Ball, location: 2F 0-1: Ball 1-1: Fly out, F9 (Flyball, 9, EV 81.2 MPH)
|
|
Batting: LHB Kenny Jackson
|
0-0: Called Strike 0-1: Ball 1-1: Called Strike 1-2: Strikes out swinging
|
|
Batting: RHB Felix Rangel
|
0-0: Ground out 3-1 (Groundball, 34, EV 90.6 MPH)
|
| Top of the 3rd over - 0 runs, 0 hits, 0 errors, 0 left on base; Boston (APP) 2 - Baltimore (APP) 0 |
| BOTTOM OF THE 3RD |
|
Baltimore (APP) Orioles batting - Pitching for Boston (APP) Red Sox : RHP Matt Collins
|
|
Batting: RHB Willie Carmona
|
0-0: Ground out 6-3 (Groundball, 6, EV 106.2 MPH)
|
|
Batting: RHB Johnny Lowe
|
0-0: Called Strike 0-1: Called Strike 0-2: Strikes out looking
|
|
Batting: LHB Edwin Cabral
|
0-0: Ball 1-0: Called Strike 1-1: Ground out 1-3 (Groundball, 15S, EV 68.1 MPH)
|
| Bottom of the 3rd over - 0 runs, 0 hits, 0 errors, 0 left on base; Boston (APP) 2 - Baltimore (APP) 0 |
| TOP OF THE 4TH |
|
Boston (APP) Red Sox batting - Pitching for Baltimore (APP) Orioles : RHP Rick Bob Van Arsdale-Undercarriage
|
|
Batting: RHB Eric Kent
|
0-0: Swinging Strike 0-1: Ball 1-1: Fly out, F8 (Flyball, 8RXD, EV 96.2 MPH)
|
|
Batting: RHB Ryan Davis
|
0-0: Swinging Strike 0-1: Ball 1-1: Ball 2-1: Fly out, F8 (Flyball, 89S, EV 84.4 MPH)
|
|
Batting: RHB Wayne Whimster
|
0-0: Ball 1-0: Called Strike 1-1: SINGLE (Groundball, 56D, EV 106.2 MPH)
|
|
Batting: RHB Estevan Carrillo
|
0-0: Ball 1-0: Ball Wayne Whimster steals 2nd, throwing error, E2 Wayne Whimster to third 2-0: Ball 3-0: Foul Ball, location: 2F 3-1: Swinging Strike 3-2: Base on Balls
|
|
Batting: RHB Luis Nino
|
0-0: Foul Ball, location: 2F 0-1: Ball 1-1: Ball Estevan Carrillo steals 2nd base 2-1: Ball 3-1: Base on Balls
|
|
Batting: RHB Kirk Cully
|
0-0: Ball 1-0: Called Strike 1-1: Swinging Strike 1-2: Strikes out looking
|
| Top of the 4th over - 0 runs, 1 hit, 1 error, 3 left on base; Boston (APP) 2 - Baltimore (APP) 0 |
| BOTTOM OF THE 4TH |
|
Baltimore (APP) Orioles batting - Pitching for Boston (APP) Red Sox : RHP Matt Collins
|
|
Batting: SHB Shannon Britten
|
0-0: Foul Ball, location: 2F 0-1: Called Strike 0-2: Fly out, F7 (Flyball, 7S, EV 91.2 MPH)
|
|
Batting: LHB Bryan Davidson
|
0-0: Foul Ball, location: 2F 0-1: Ball 1-1: Foul Ball, location: 2F 1-2: Foul Ball, location: 2F 1-2: Foul Ball, location: 2F 1-2: Ball 2-2: Fly out, F9 (Flyball, 89M, EV 85.0 MPH)
|
|
Batting: RHB Javier Brizuela
|
0-0: Ball 1-0: Ball 2-0: Ball 3-0: Called Strike 3-1: Swinging Strike 3-2: Strikes out swinging
|
| Bottom of the 4th over - 0 runs, 0 hits, 0 errors, 0 left on base; Boston (APP) 2 - Baltimore (APP) 0 |
| TOP OF THE 5TH |
|
Boston (APP) Red Sox batting - Pitching for Baltimore (APP) Orioles : RHP Rick Bob Van Arsdale-Undercarriage
|
|
Batting: RHB Bob Reichley
|
0-0: Foul Ball, location: 2F 0-1: Ball 1-1: Ball 2-1: Swinging Strike 2-2: Foul Ball, location: 2F 2-2: Foul Ball, location: 2F 2-2: Ball 3-2: Foul Ball, location: 2F 3-2: Strikes out swinging
|
|
Batting: LHB Kenny Jackson
|
0-0: Ground out 6-3 (Groundball, 6, EV 111.2 MPH)
|
|
Batting: RHB Felix Rangel
|
0-0: Ball 1-0: Ball 2-0: SINGLE (Flyball, 4D, EV 85.0 MPH)
|
|
Batting: RHB Eric Kent
|
0-0: Ball 1-0: Called Strike 1-1: Ball 2-1: SINGLE (Flyball, 9S, EV 92.5 MPH) Felix Rangel to second Runner from 2nd tries for 3rd, SAFE, throw by RF made to third
|
|
Pitching: RHP Dave Shenton
|
|
|
Batting: RHB Ryan Davis
|
0-0: SINGLE (Groundball, 6D, EV 96.9 MPH) Felix Rangel scores Eric Kent to second
|
|
Batting: RHB Wayne Whimster
|
0-0: Fly out, F7 (Flyball, 7LS, EV 90.6 MPH)
|
| Top of the 5th over - 1 run, 3 hits, 0 errors, 2 left on base; Boston (APP) 3 - Baltimore (APP) 0 |
| BOTTOM OF THE 5TH |
|
Baltimore (APP) Orioles batting - Pitching for Boston (APP) Red Sox : RHP Matt Collins
|
|
Batting: RHB Pedro Luera
|
0-0: Ground out 5-3 (Groundball, 5, EV 100.6 MPH)
|
|
Batting: RHB Tyler Cohen
|
0-0: Ball 1-0: Foul Ball, location: 2F 1-1: Swinging Strike 1-2: Strikes out swinging
|
|
Batting: RHB David Gomez
|
0-0: Called Strike 0-1: Called Strike 0-2: Ball 1-2: Ground out U3 (Groundball, 34, EV 88.1 MPH)
|
| Bottom of the 5th over - 0 runs, 0 hits, 0 errors, 0 left on base; Boston (APP) 3 - Baltimore (APP) 0 |
| TOP OF THE 6TH |
|
Boston (APP) Red Sox batting - Pitching for Baltimore (APP) Orioles : RHP Dave Shenton
|
|
Batting: RHB Estevan Carrillo
|
0-0: Fly out, F9 (Flyball, 9, EV 93.1 MPH)
|
|
Batting: RHB Luis Nino
|
0-0: Called Strike 0-1: Called Strike 0-2: Strikes out swinging
|
|
Batting: RHB Kirk Cully
|
0-0: Called Strike 0-1: Ball 1-1: Swinging Strike 1-2: Foul Ball, location: 2F 1-2: Ball 2-2: Ball 3-2: Foul Ball, location: 2F 3-2: Base on Balls
|
|
Batting: RHB Bob Reichley
|
0-0: Foul Ball, location: 2F 0-1: Called Strike 0-2: Strikes out swinging
|
| Top of the 6th over - 0 runs, 0 hits, 0 errors, 1 left on base; Boston (APP) 3 - Baltimore (APP) 0 |
| BOTTOM OF THE 6TH |
|
Baltimore (APP) Orioles batting - Pitching for Boston (APP) Red Sox : RHP Matt Collins
|
|
Batting: RHB Willie Carmona
|
0-0: Called Strike 0-1: Foul Ball, location: 2F 0-2: Strikes out swinging
|
|
Batting: RHB Johnny Lowe
|
0-0: Ball 1-0: Called Strike 1-1: SINGLE (Groundball, 56S, EV 68.8 MPH) (infield hit)
|
|
Batting: LHB Edwin Cabral
|
0-0: Grounds into double play, 6-4-3 (Groundball, 6, EV 90.6 MPH)
|
| Bottom of the 6th over - 0 runs, 1 hit, 0 errors, 0 left on base; Boston (APP) 3 - Baltimore (APP) 0 |
| TOP OF THE 7TH |
|
Boston (APP) Red Sox batting - Pitching for Baltimore (APP) Orioles : RHP Dave Shenton
|
|
Batting: LHB Kenny Jackson
|
0-0: SINGLE (Line Drive, 56D, EV 98.1 MPH)
|
|
Batting: RHB Felix Rangel
|
0-0: DOUBLE (Line Drive, 5D, EV 96.9 MPH) Kenny Jackson to third
|
|
Batting: RHB Eric Kent
|
0-0: Intentional Walk
|
|
Batting: SHB Arihito Hiramoto
|
0-0: Ball 1-0: Ball 2-0: Called Strike 2-1: Fly out, F7 (Flyball, 7D, EV 97.5 MPH) Runner from 3rd tags up, SCORES, throw by LF
|
|
Batting: RHB Wayne Whimster
|
0-0: Ball 1-0: Foul Ball, location: 2F 1-1: Fly out, F5 (Popup, 5, EV 62.5 MPH)
|
|
Batting: RHB Estevan Carrillo
|
0-0: Ball 1-0: Swinging Strike 1-1: Ball 2-1: Ball 3-1: Base on Balls Felix Rangel to third Eric Kent to second
|
|
Batting: RHB Luis Nino
|
0-0: Called Strike 0-1: Fielders Choice at 2nd, U4 (Groundball, 4M, EV 108.1 MPH)
|
| Top of the 7th over - 1 run, 2 hits, 0 errors, 3 left on base; Boston (APP) 4 - Baltimore (APP) 0 |
| BOTTOM OF THE 7TH |
|
Baltimore (APP) Orioles batting - Pitching for Boston (APP) Red Sox : RHP Matt Collins
|
|
Batting: SHB Shannon Britten
|
0-0: DOUBLE (Flyball, 8LXD, EV 97.5 MPH)
|
|
Batting: LHB Bryan Davidson
|
0-0: Ball 1-0: Ball 2-0: Ball 3-0: Called Strike 3-1: Base on Balls
|
|
Pitching: RHP Mitsuharu Yoshimoto
|
|
|
Pinch Hitting: LHB Robert Ortiz
|
0-0: Swinging Strike 0-1: Ball 1-1: Called Strike 1-2: Strikes out swinging
|
|
Pinch Hitting: RHB Tim Cleary
|
0-0: Ball Shannon Britten is caught stealing 3rd base 2-5 Bryan Davidson to second 1-0: Ball Passed Ball! Bryan Davidson to third 2-0: Foul Ball, location: 2F 2-1: Called Strike 2-2: Fly out, F4 (Line Drive, 4, EV 68.8 MPH)
|
| Bottom of the 7th over - 0 runs, 1 hit, 0 errors, 1 left on base; Boston (APP) 4 - Baltimore (APP) 0 |
| TOP OF THE 8TH |
|
Boston (APP) Red Sox batting - Pitching for Baltimore (APP) Orioles : RHP Dave Shenton
|
|
Pitching: RHP Sherwood Abernethy
|
|
|
Now in LF: Bryan Davidson
|
|
|
Now in CF: Tim Cleary
|
|
|
Now in RF: Robert Ortiz
|
|
|
Batting: RHB Kirk Cully
|
0-0: Swinging Strike 0-1: Fly out, F8 (Flyball, 89D, EV 95.6 MPH)
|
|
Batting: RHB Bob Reichley
|
0-0: Ball 1-0: Called Strike 1-1: Ball 2-1: Swinging Strike 2-2: SOLO HOME RUN (Flyball, 7D, EV 100.6 MPH), Distance : 395 ft
|
|
Batting: LHB Kenny Jackson
|
0-0: Called Strike 0-1: Called Strike 0-2: Strikes out looking
|
|
Batting: RHB Felix Rangel
|
0-0: Ball 1-0: Ball 2-0: Ground out 1-3 (Groundball, 13, EV 63.8 MPH)
|
| Top of the 8th over - 1 run, 1 hit, 0 errors, 0 left on base; Boston (APP) 5 - Baltimore (APP) 0 |
| BOTTOM OF THE 8TH |
|
Baltimore (APP) Orioles batting - Pitching for Boston (APP) Red Sox : RHP Mitsuharu Yoshimoto
|
|
Batting: RHB Tyler Cohen
|
0-0: Foul Ball, location: 2F 0-1: Foul Ball, location: 2F 0-2: Ball 1-2: Ball 2-2: Strikes out swinging
|
|
Pinch Hitting: RHB Adam Hudson
|
0-0: Foul Ball, location: 2F 0-1: DOUBLE (Flyball, 8RXD, EV 96.2 MPH)
|
|
Batting: RHB Willie Carmona
|
0-0: Foul Ball, location: 2F 0-1: Swinging Strike 0-2: Ball 1-2: Strikes out swinging
|
|
Batting: RHB Johnny Lowe
|
0-0: Foul Ball, location: 2F 0-1: Called Strike 0-2: Ground out 6-3 (Groundball, 6, EV 90.0 MPH)
|
| Bottom of the 8th over - 0 runs, 1 hit, 0 errors, 1 left on base; Boston (APP) 5 - Baltimore (APP) 0 |
| TOP OF THE 9TH |
|
Boston (APP) Red Sox batting - Pitching for Baltimore (APP) Orioles : RHP Sherwood Abernethy
|
|
Now at 1B: Adam Hudson
|
|
|
Batting: RHB Eric Kent
|
0-0: Called Strike 0-1: Ball 1-1: Ground out 4-3 (Groundball, 34, EV 91.2 MPH)
|
|
Batting: SHB Arihito Hiramoto
|
0-0: Ball 1-0: Ball 2-0: Called Strike 2-1: Foul Ball, location: 2F 2-2: Foul Ball, location: 2F 2-2: Strikes out swinging
|
|
Batting: RHB Wayne Whimster
|
0-0: Called Strike 0-1: Called Strike 0-2: Fly out, F7 (Line Drive, 7S, EV 105.0 MPH)
|
| Top of the 9th over - 0 runs, 0 hits, 0 errors, 0 left on base; Boston (APP) 5 - Baltimore (APP) 0 |
| BOTTOM OF THE 9TH |
|
Baltimore (APP) Orioles batting - Pitching for Boston (APP) Red Sox : RHP Mitsuharu Yoshimoto
|
|
Batting: LHB Edwin Cabral
|
0-0: Ball 1-0: Ball 2-0: Foul Ball, location: 2F 2-1: Called Strike 2-2: Strikes out looking
|
|
Batting: SHB Shannon Britten
|
0-0: Ball 1-0: Ball 2-0: Called Strike 2-1: Ball 3-1: Fly out, F8 (Line Drive, 8LD, EV 90.0 MPH)
|
|
Batting: LHB Bryan Davidson
|
0-0: Ball 1-0: Ball 2-0: Ball 3-0: Called Strike 3-1: Base on Balls
|
|
Batting: LHB Robert Ortiz
|
0-0: Ball 1-0: Ball 2-0: DOUBLE (Line Drive, 9LD, EV 105.6 MPH) Bryan Davidson to third
|
|
Pitching: RHP Jose Duran
|
|
|
Batting: RHB Tim Cleary
|
0-0: Swinging Strike 0-1: Ball 1-1: SINGLE (Groundball, 6M, EV 108.8 MPH) (infield hit) Bryan Davidson scores Robert Ortiz to third
|
|
Pitching: RHP Cedric Tyler
|
|
|
Pinch Hitting: LHB Shane Cruse
|
0-0: Ball 1-0: Ball 2-0: Called Strike 2-1: Swinging Strike 2-2: Ball 3-2: Foul Ball, location: 2F 3-2: Foul Ball, location: 2F 3-2: Foul Ball, location: 2F 3-2: Base on Balls Tim Cleary to second
|
|
Batting: RHB Adam Hudson
|
0-0: Ball 1-0: Called Strike 1-1: Ball 2-1: Fielders Choice at 2nd, 6-4 (Groundball, 6, EV 84.4 MPH)
|
| Bottom of the 9th over - 1 run, 2 hits, 0 errors, 3 left on base; Boston (APP) 5 - Baltimore (APP) 1 |
|